Map: Deathaura LE

Players

MaSa

  • Race: Terran Terran
  • Spawn Location: 5:00

Scarlett - Winner!

  • Race: Zerg Zerg
  • Spawn Location: 11:00

Event: DreamHack SC2 Masters 2020 Summer North America

VOD

Have the link to the VOD?

Description

Time

  • Played on: June 30, 2020, 5:06 p.m.
  • Length: 22:09

All games in this series

Show
View Real Time Build Order
Export as new Build Order

MaSa Terran 

Build Orders: Reaper Expand 

Get SALT Encoding   

  12  0:00  SCV  
  13  0:13  SCV  
  14  0:16  Supply Depot  
  14  0:25  SCV  
  15  0:38  SCV  
  15  0:39  Barracks  
  16  0:43  Refinery  
  16  0:50  SCV  
  17  1:02  SCV  
  18  1:14  SCV  
  19  1:26  Reaper  
  19  1:27  Orbital Command  
  20  1:41  Command Center  
  20  1:49  Bunker  
  20  1:52  SCV  
  21  1:58  Marine  
  22  2:02  Supply Depot  
  22  2:04  SCV  
  23  2:18  Factory  
  23  2:20  Barracks Reactor  
  23  2:23  SCV  
  23  2:27  Refinery  
  24  2:35  SCV  
  25  2:47  SCV  
  26  2:53  Orbital Command  
  26  2:59  SCV  
  26  3:05  Starport  
  27  3:09  Marine  
  27  3:10  Refinery, Hellion x2  
  27  3:11  SCV  
  33  3:20  SCV  
  33  3:24  SCV  
  35  3:31  Barracks Tech Lab  
  35  3:33  SCV  
  35  3:36  SCV  
  35  3:39  Hellion x2  
  40  3:41  Starport  
  40  3:46  SCV, Fusion Core  
  41  3:57  Supply Depot, SCV  
  41  4:02  SCV  
  43  4:10  SCV  
  43  4:15  SCV  
  45  4:17  Starport Tech Lab  
  45  4:22  Refinery, Supply Depot, SCV  
  46  4:27  SCV  
  47  4:33  Battlecruiser  
  47  4:34  SCV  
  54  4:43  Supply Depot  
  54  4:44  SCV  
  59  4:45  Supply Depot  
  59  4:54  SCV  
  59  4:58  SCV  
  57  5:05  Battlecruiser  
  57  5:06  SCV  
  64  5:13  SCV  
  65  5:15  Command Center  
  65  5:21  SCV  
  65  5:24  Hellion x2  
  65  5:26  SCV  
  65  5:28  Supply Depot x2  
  71  5:38  Battlecruiser  
  71  5:40  SCV  
  78  5:44  Weapon Refit  
  78  5:49  SCV  
  79  5:55  SCV  
  80  6:01  SCV  
  80  6:04  Engineering Bay, Widow Mine  
  83  6:06  Factory  
  83  6:07  SCV  
  83  6:09  Factory  
  84  6:17  SCV  
  79  6:19  Widow Mine  
  83  6:25  Widow Mine  
  83  6:27  Orbital Command, Marine  
  83  6:28  SCV  
  85  6:33  Missile Turret  
  85  6:34  Missile Turret  
  85  6:35  Battlecruiser  
  85  6:38  SCV  
  92  6:44  SCV  
  90  6:51  SCV  
  91  6:54  Orbital Command  
  91  6:58  SCV  
  91  6:59  Missile Turret  
  93  7:02  Battlecruiser  
  93  7:05  Factory Tech Lab  
  98  7:09  Refinery, SCV  
  98  7:10  SCV  
  98  7:12  Refinery  
  100  7:16  Factory Tech Lab, Missile Turret  
  100  7:21  SCV  
  100  7:22  Widow Mine x2  
  105  7:24  SCV  
  105  7:26  Supply Depot  
  105  7:27  Supply Depot  
  105  7:28  SCV  
  107  7:33  SCV  
  107  7:36  Armory x2  
  108  7:37  SCV  
  108  7:38  Missile Turret  
  109  7:45  Missile Turret  
  109  7:47  Cyclone, SCV x2  
  109  7:49  SCV  
  114  7:59  Battlecruiser, SCV x2  
  114  8:04  SCV  
  114  8:05  Refinery  
  122  8:08  Supply Depot x2, Missile Turret  
  122  8:11  SCV  
  122  8:12  SCV  
  124  8:16  SCV  
  125  8:20  Command Center  
  125  8:25  Terran Vehicle And Ship Armor Level 1, Terran Ship Weapons Level 1  
  125  8:30  SCV x3  
  128  8:40  Supply Depot  
  128  8:42  SCV  
  128  8:44  Supply Depot  
  128  8:45  Supply Depot  
  129  8:49  Cyclone x2  
  129  8:53  Factory  
  132  8:56  Factory, SCV  
  132  8:59  Supply Depot  
  132  9:01  Supply Depot x2  
  133  9:03  Supply Depot x2  
  133  9:12  SCV x2  
  123  9:18  SCV  
  123  9:21  Battlecruiser  
  130  9:24  SCV  
  130  9:31  Thor x2  
  143  9:32  Widow Mine  
  143  9:33  Missile Turret  
  143  9:34  Widow Mine, SCV x2  
  143  9:35  Missile Turret  
  143  9:36  Supply Depot, SCV, Orbital Command  
  143  9:37  Supply Depot  
  150  9:41  Factory Reactor, Factory Tech Lab  
  150  9:44  Supply Depot  
  150  9:45  Supply Depot  
  150  9:53  Supply Depot  
  150  9:54  Supply Depot  
  150  9:58  Mag-Field Accelerator  
  150  10:00  Infernal Pre-Igniter  
  150  10:02  Hellion x2  
  154  10:14  Orbital Command  
  154  10:15  Thor  
  159  10:26  Hellion x4  
  156  10:38  Thor  
  156  10:41  Refinery  
  156  10:42  Missile Turret x2  
  156  10:55  Thor  
  156  10:56  SCV x3  
  165  10:57  Refinery, SCV, Thor  
  172  11:08  Widow Mine x4  
  172  11:10  SCV  
  172  11:11  SCV x2  
  183  11:21  Thor  
  182  11:33  SCV  
  182  11:36  Command Center  
  182  11:37  Command Center, Battlecruiser  
  188  11:40  Orbital Command  
  188  11:44  SCV  
  188  11:45  SCV x2  
  183  11:51  Missile Turret  
  183  11:55  Cyclone x2, Widow Mine x4  
  183  11:57  SCV  
  179  12:01  SCV  
  179  12:02  SCV  
  181  12:12  Supply Depot  
  181  12:14  Terran Ship Weapons Level 2  
  181  12:22  SCV  
  174  12:28  Command Center  
  174  12:29  SCV  
  169  12:37  SCV  
  169  12:38  SCV  
  169  12:41  Battlecruiser, SCV  
  178  12:49  SCV  
  178  12:50  SCV  
  180  12:53  SCV  
  180  12:55  Supply Depot  
  180  12:56  Starport, Supply Depot  
  180  12:57  Starport  
  181  13:12  SCV  
  174  13:17  Thor x2  
  174  13:27  SCV x2  
  162  13:39  SCV  
  162  13:40  SCV  
  148  13:47  Orbital Command  
  148  13:53  SCV  
  150  13:58  Widow Mine x2  
  153  14:09  SCV  
  152  14:15  Command Center  
  152  14:16  Orbital Command  
  152  14:19  Widow Mine x2  
  152  14:20  Starport Tech Lab  
  156  14:30  Thor  
  154  14:40  Widow Mine x2  
  148  14:50  SCV  
  148  14:52  SCV  
  135  14:53  SCV  
  135  14:59  Battlecruiser  
  136  15:01  Hellion  
  136  15:02  SCV  
  136  15:06  Starport Tech Lab  
  139  15:15  Refinery  
  139  15:31  Battlecruiser  
  139  15:42  Hellion x4  
  149  15:43  Hellion  
  149  15:50  Thor  
  149  15:51  Battlecruiser  
  159  15:59  SCV  
  159  16:00  SCV  
  159  16:01  SCV  
  152  16:13  Thor  
  152  16:15  Widow Mine x2  
  162  16:22  Widow Mine  
  156  16:36  SCV  
  155  16:40  SCV  
  155  16:42  Refinery, Orbital Command  
  155  16:43  Thor  
  155  16:44  Refinery  
  149  16:59  SCV  
  150  17:13  Planetary Fortress  
  146  17:23  SCV  
  146  17:29  Terran Vehicle And Ship Armor Level 2  
  147  17:39  Thor  
  147  17:40  Widow Mine x2, SCV  
  152  17:56  SCV x2  
  152  17:57  SCV  
  155  18:03  Refinery  
  155  18:04  Widow Mine x2  
  159  18:13  Widow Mine x2  
  159  18:16  Refinery  
  163  18:23  SCV  
  163  18:25  Terran Ship Weapons Level 3  
  158  18:29  Thor  
  158  18:30  Widow Mine  
  158  18:31  SCV  
  167  18:34  SCV x2  
  164  18:42  SCV  
  164  18:43  SCV  
  164  18:46  Siege Tank, SCV  
  164  18:47  SCV  
  171  18:54  SCV  
  160  19:00  Battlecruiser  
  166  19:13  Command Center  
  166  19:27  SCV  
  166  19:29  SCV  
  168  19:35  Widow Mine  
  170  19:39  Thor, SCV  
  175  19:49  Thor  
  171  20:03  Thor  
  148  20:52  Supply Depot  
  147  21:02  Orbital Command  
  147  21:05  Command Center  
  143  21:34  Hellion  
  142  21:44  Widow Mine  
Show
View Real Time Build Order
Export as new Build Order

Scarlett Zerg - Winner!

Build Orders: Hatch First, Muta Ling Bane 

Get SALT Encoding   

  12  0:00  Drone  
  13  0:12  Overlord  
  13  0:18  Drone  
  14  0:31  Drone x2  
  16  0:47  Hatchery  
  15  0:51  Drone  
  15  0:55  Drone  
  17  1:00  Drone  
  18  1:09  Extractor  
  17  1:13  Spawning Pool  
  17  1:16  Drone  
  17  1:19  Drone  
  18  1:28  Drone  
  19  1:39  Drone  
  20  1:49  Overlord  
  20  2:00  Queen x2  
  24  2:02  Zergling x4  
  26  2:12  Metabolic Boost  
  26  2:15  Drone, Zergling x2  
  28  2:23  Drone x2  
  30  2:35  Queen x2  
  34  2:40  Drone x2  
  36  2:45  Overlord  
  36  2:57  Overlord  
  36  3:03  Drone x2  
  36  3:04  Drone  
  39  3:07  Drone  
  39  3:09  Drone x4  
  44  3:16  Lair  
  44  3:19  Drone  
  45  3:21  Drone x2  
  45  3:25  Extractor  
  45  3:26  Drone, Extractor  
  46  3:32  Drone x2  
  48  3:39  Drone  
  48  3:41  Drone  
  50  3:44  Drone x2  
  50  3:46  Overlord  
  52  3:49  Extractor  
  52  3:53  Drone  
  52  3:59  Hatchery  
  52  4:01  Drone, Overlord  
  52  4:07  Drone x3  
  55  4:15  Drone x5  
  60  4:21  Spire  
  60  4:22  Overseer  
  59  4:27  Queen  
  61  4:32  Zergling x4  
  63  4:43  Overlord, Baneling Nest  
  62  4:52  Spore Crawler  
  61  4:53  Spore Crawler  
  61  4:54  Zergling x2  
  61  4:55  Zergling x14  
  61  4:59  Overlord  
  68  5:11  Spore Crawler  
  71  5:27  Baneling x2  
  71  5:33  Mutalisk x7  
  71  5:34  Mutalisk  
  85  5:42  Drone x5, Overlord  
  88  5:54  Mutalisk  
  88  5:55  Overlord  
  90  6:00  Zerg Flyer Weapons Level 1  
  90  6:03  Mutalisk  
  93  6:11  Drone x8  
  93  6:13  Overlord  
  93  6:15  Overlord  
  98  6:19  Drone  
  98  6:20  Drone  
  98  6:21  Drone x2  
  98  6:24  Evolution Chamber  
  102  6:32  Drone  
  102  6:33  Drone x2  
  102  6:38  Extractor  
  102  6:39  Extractor  
  102  6:42  Mutalisk x3  
  108  6:48  Hatchery  
  108  6:49  Drone x4  
  108  6:52  Zerg Melee Weapons Level 1  
  111  7:00  Overlord x2  
  111  7:02  Hatchery  
  111  7:03  Drone  
  111  7:04  Drone  
  111  7:05  Drone x2  
  114  7:14  Overseer  
  114  7:17  Zergling x6  
  114  7:18  Overlord x2  
  114  7:19  Overlord  
  114  7:21  Unknown  
  116  7:23  Unknown  
  116  7:24  Mutalisk x3  
  122  7:30  Drone x5  
  122  7:32  Drone  
  127  7:38  Drone  
  127  7:42  Centrifical Hooks  
  127  7:43  Mutalisk  
  129  7:45  Overlord  
  129  7:46  Overlord  
  129  7:47  Mutalisk  
  129  7:49  Drone x4  
  135  7:59  Mutalisk x2  
  135  8:03  Drone x6  
  143  8:07  Queen  
  145  8:15  Hatchery  
  145  8:18  Zerg Flyer Weapons Level 2  
  145  8:19  Overseer  
  144  8:21  Drone  
  144  8:22  Roach Warren, Drone  
  144  8:25  Spine Crawler  
  144  8:26  Evolution Chamber, Zergling x8  
  147  8:32  Drone  
  147  8:33  Drone x3  
  149  8:35  Extractor  
  149  8:36  Extractor  
  149  8:37  Drone x3  
  149  8:38  Drone x3  
  153  8:46  Mutalisk x4  
  161  8:51  Baneling x4  
  161  8:54  Mutalisk x3  
  167  9:07  Baneling x2  
  164  9:16  Mutalisk x8  
  174  9:22  Mutalisk  
  174  9:23  Mutalisk  
  170  9:28  Mutalisk  
  170  9:37  Drone x3  
  173  9:39  Mutalisk x4  
  173  9:42  Overlord  
  181  9:46  Zerg Melee Weapons Level 2  
  181  9:47  Hatchery  
  181  9:48  Overlord  
  181  9:49  Zerg Missile Weapons Level 1  
  180  9:56  Zergling x8  
  184  10:03  Baneling x15  
  184  10:04  Extractor  
  184  10:06  Extractor  
  182  10:08  Baneling x3  
  182  10:09  Hatchery  
  182  10:12  Infestation Pit  
  180  10:17  Mutalisk x3  
  183  10:22  Mutalisk x2  
  183  10:26  Zergling x18  
  183  10:27  Baneling x4  
  188  10:38  Baneling x4  
  176  10:50  Mutalisk x6  
  179  10:57  Drone x2  
  179  10:58  Hive, Drone  
  179  10:59  Drone  
  179  11:00  Drone x2  
  179  11:01  Drone x4  
  189  11:04  Zergling x2  
  189  11:05  Zergling x20  
  189  11:07  Baneling x7  
  189  11:09  Baneling x3  
  189  11:10  Baneling x3, Extractor  
  199  11:12  Extractor  
  199  11:15  Pneumatized Carapace  
  196  11:19  Spire  
  196  11:20  Zerg Flyer Armor Level 1  
  195  11:32  Baneling x14  
  187  11:35  Baneling x8  
  184  11:46  Zergling x12  
  184  11:47  Zergling x20  
  194  11:55  Roach x3  
  192  12:06  Baneling x26  
  183  12:16  Ravager x3  
  183  12:28  Overseer x4  
  183  12:29  Overlord x2  
  177  12:30  Adrenal Glands  
  177  12:31  Hatchery  
  177  12:33  Zerg Melee Weapons Level 3, Zerg Ground Armor Level 1  
  177  12:34  Ultralisk Cavern  
  175  12:43  Drone x10  
  181  12:48  Drone  
  182  12:53  Pathogen Glands  
  182  12:54  Burrow  
  182  12:58  Roach  
  182  12:59  Roach x5  
  194  13:21  Chitinous Plating, Zerg Flyer Armor Level 2  
  180  13:29  Roach x12  
  180  13:32  Zergling x2  
  180  13:33  Zergling x20  
  190  13:43  Ravager x5  
  190  13:45  Zergling x12  
  199  13:49  Hatchery  
  199  13:50  Neural Parasite  
  196  13:57  Baneling x8  
  187  14:10  Zergling x24  
  187  14:12  Baneling x2  
  182  14:32  Mutalisk x10  
  195  14:39  Anabolic Synthesis  
  173  14:47  Mutalisk  
  173  14:48  Mutalisk x5  
  143  14:57  Mutalisk x2  
  134  15:00  Zergling x10  
  127  15:07  Mutalisk  
  127  15:08  Mutalisk  
  127  15:09  Zergling x2  
  127  15:10  Zergling x8  
  136  15:20  Mutalisk  
  136  15:21  Hatchery, Mutalisk x2  
  121  15:36  Zerg Flyer Weapons Level 3  
  121  15:42  Drone x13  
  134  15:46  Mutalisk x2  
  134  15:47  Extractor  
  134  15:48  Zergling x6  
  134  15:49  Spore Crawler  
  139  15:55  Spine Crawler  
  135  16:05  Roach x9, Zergling x2  
  135  16:06  Roach x3, Zergling x4  
  159  16:21  Infestor x2  
  159  16:23  Corruptor  
  161  16:29  Hatchery  
  157  16:33  Hatchery  
  157  16:36  Drone  
  156  16:44  Corruptor  
  156  16:45  Corruptor x2  
  161  16:59  Drone x14  
  167  17:06  Zerg Flyer Armor Level 3, Corruptor x2  
  170  17:10  Unknown  
  170  17:11  Unknown  
  170  17:14  Baneling x2, Roach, Zergling x2  
  170  17:15  Roach x5, Zergling x2  
  181  17:17  Overlord x2  
  180  17:24  Extractor x2  
  180  17:27  Overlord  
  171  17:37  Corruptor x2  
  161  17:52  Hatchery  
  161  17:58  Drone x4  
  163  17:59  Drone  
  163  18:04  Corruptor x3  
  171  18:12  Baneling x6  
  167  18:13  Glial Reconstitution  
  158  18:27  Corruptor x4  
  166  18:39  Corruptor x3  
  169  18:52  Drone x2  
  169  18:55  Infestor x2  
  173  18:56  Overlord x2  
  173  18:58  Overlord  
  173  18:59  Hatchery, Extractor  
  173  19:02  Zerg Missile Weapons Level 2  
  173  19:09  Overseer  
  173  19:10  Spore Crawler  
  170  19:28  Overseer  
  170  19:29  Overseer x2  
  170  19:34  Infestor x3  
  170  19:37  Zergling x16  
  170  19:38  Zergling x16  
  192  19:49  Infestor  
  192  19:50  Infestor  
  189  20:00  Drone x2  
  170  20:22  Hatchery  
  161  20:32  Infestor x4  
  162  20:41  Roach  
  153  20:47  Roach x9  
  160  21:19  Hatchery  
  159  21:30  Overseer x2  
Tags
 
Add a new tag
Caveats
  • Supply blocks, unpowered buildings, or Contaminate may cause inaccurate times.
  • Supply counts are checked every 10 seconds.